2472 views
Uploaded 2022-05-21 23:09:46
Game version 1.32.10
63:39 long 1on1on1on1 ladder game on (8)MarketSquare
Saved by ǢƂŎ
2472 views
Uploaded 2022-05-21 23:09:46
Game version 1.32.10
63:39 long 1on1on1on1 ladder game on (8)MarketSquare

92 units @ 12k
/ 1.6k
63 buildings @ 10.6k
/ 3.6k



| Rod of Necromancy | 5 | 750 |
| Sacrificial Skull | 1 | 50 |
| Ritual Dagger | 1 | 125 |
| Potion of Healing | 5 | 750 |
| Potion of Mana | 7 | 1400 |
| Orb of Corruption | 1 | 375 |
| Scroll of Healing | 9 | 2250 |
| Scroll of Town Portal | 14 | 4900 |
| Potion of Lesser Invulnerability | 4 | 600 |
| Scroll of Protection | 1 | 150 |
| total: | 48 | 11350g |
| Acolyte | 50 | 3750 | / | 0 |
| Ghoul | 11 | 1320 | / | 0 |
| Crypt Fiend | 9 | 1935 | / | 360 |
| Obsidian Statue | 9 | 1800 | / | 315 |
| Abomination | 8 | 1920 | / | 560 |
| Frost Wyrm | 2 | 770 | / | 240 |
| Banshee | 3 | 465 | / | 90 |
| total: | 92 | 11960g | / | 1565w |
| Nerubian Tower | 8 | 800 | / | 160 |
| Spirit Tower | 6 | 870 | / | 240 |
| Crypt | 7 | 1400 | / | 350 |
| Ziggurat | 26 | 3900 | / | 1300 |
| Altar of Darkness | 2 | 360 | / | 100 |
| Tomb of Relics | 2 | 260 | / | 60 |
| Graveyard | 4 | 860 | / | 0 |
| Necropolis | 10 | 2250 | / | 0 |
| Slaughterhouse | 4 | 560 | / | 540 |
| Sacrificial Pit | 4 | 300 | / | 600 |
| Temple of the Damned | 2 | 310 | / | 280 |
| Boneyard | 2 | 350 | / | 400 |
| Halls of the Dead | 4 | 1280 | / | 840 |
| Black Citadel | 4 | 1300 | / | 920 |
| total: | 63 | 10550g | / | 3630w |
| 0:01 | Acolyte |
| 0:04 | Crypt |
| 0:07 | Crypt |
| 0:08 | Ziggurat |
| 0:10 | Crypt |
| 0:12 | Ziggurat |
| 0:14 | Acolyte |
| 0:33 | Altar of Darkness |
| 0:47 | Acolyte |
| 1:03 | Ziggurat |
| 1:11 | Ghoul |
| 1:30 | Ghoul |
| 1:38 | Tomb of Relics |
| 1:48 | Ghoul |
| 1:48 | Ghoul |
| 2:02 | Ghoul |
| 2:26 | Ghoul |
| 2:34 | Sleep |
| 2:41 | Rod of Necromancy |
| 2:41 | Sacrificial Skull |
| 2:44 | Ghoul |
| 3:13 | Ziggurat |
| 3:35 | Carrion Swarm |
| 3:39 | Acolyte |
| 3:39 | Acolyte |
| 3:55 | Graveyard |
| 4:16 | Nerubian Tower |
| 4:43 | Acolyte |
| 4:53 | Acolyte |
| 5:13 | Necropolis |
| 5:30 | Halls of the Dead |
| 5:46 | Nerubian Tower |
| 5:56 | Rod of Necromancy |
| 5:57 | Crypt Fiend |
| 5:59 | Crypt |
| 6:24 | Crypt Fiend |
| 6:50 | Creature Attack |
| 6:50 | Creature Carapace |
| 7:01 | Sleep |
| 7:06 | Crypt Fiend |
| 7:48 | Crypt Fiend |
| 7:52 | Slaughterhouse |
| 7:54 | Black Citadel |
| 7:56 | Improved Creature Attack |
| 8:02 | Ritual Dagger |
| 8:05 | Rod of Necromancy |
| 8:13 | Burrow |
| 8:23 | Web |
| 8:31 | Ziggurat |
| 8:48 | Potion of Healing |
| 8:48 | Potion of Mana |
| 8:58 | Death Coil |
| 9:11 | Obsidian Statue |
| 9:46 | Carrion Swarm |
| 10:04 | Obsidian Statue |
| 10:18 | Boneyard |
| 10:19 | Sacrificial Pit |
| 10:21 | Slaughterhouse |
| 10:28 | Destroyer Form |
| 11:13 | Orb of Corruption |
| 11:13 | Scroll of Healing |
| 11:14 | Potion of Mana |
| 11:14 | Rod of Necromancy |
| 11:26 | Frost Nova |
| 11:55 | Obsidian Statue |
| 12:31 | Rod of Necromancy |
| 12:43 | Boneyard |
| 12:45 | Advanced Creature Attack |
| 12:45 | Improved Creature Carapace |
| 12:57 | Abomination |
| 13:13 | Ziggurat |
| 13:45 | Unholy Aura |
| 14:33 | Frost Wyrm |
| 14:41 | Disease Cloud |
| 14:44 | Scroll of Town Portal |
| 14:52 | Graveyard |
| 15:09 | Obsidian Statue |
| 15:12 | Ziggurat |
| 15:22 | Dark Ritual |
| 15:53 | Obsidian Statue |
| 16:18 | Freezing Breath |
| 16:20 | Advanced Creature Carapace |
| 16:27 | Abomination |
| 16:27 | Abomination |
| 16:36 | Death Coil |
| 16:52 | Unholy Armor |
| 16:52 | Unholy Strength |
| 16:52 | Improved Unholy Strength |
| 16:54 | Ghoul Frenzy |
| 17:20 | Frost Nova |
| 17:52 | Scroll of Town Portal |
| 17:53 | Scroll of Healing |
| 17:53 | Potion of Mana |
| 18:04 | Abomination |
| 18:39 | Sleep |
| 19:11 | Scroll of Town Portal |
| 19:11 | Potion of Mana |
| 19:11 | Potion of Healing |
| 19:17 | Crypt Fiend |
| 19:32 | Ziggurat |
| 19:32 | Ziggurat |
| 19:59 | Acolyte |
| 20:06 | Sacrificial Pit |
| 20:08 | Improved Unholy Armor |
| 20:08 | Advanced Unholy Strength |
| 20:36 | Potion of Lesser Invulnerability |
| 20:54 | Abomination |
| 21:27 | Frost Wyrm |
| 21:29 | Acolyte |
| 21:38 | Scroll of Protection |
| 22:16 | Death Pact |
| 23:17 | Frost Armor |
| 23:52 | Necropolis |
| 23:53 | Ziggurat |
| 24:50 | Acolyte |
| 24:50 | Acolyte |
| 24:50 | Acolyte |
| 24:50 | Acolyte |
| 25:25 | Scroll of Town Portal |
| 25:25 | Scroll of Town Portal |
| 25:59 | Advanced Unholy Armor |
| 26:56 | Obsidian Statue |
| 27:05 | Scroll of Town Portal |
| 27:20 | Acolyte |
| 27:22 | Sacrificial Pit |
| 27:28 | Nerubian Tower |
| 28:33 | Crypt Fiend |
| 29:12 | Acolyte |
| 29:54 | Spirit Tower |
| 30:26 | Death Coil |
| 32:19 | Frost Nova |
| 33:01 | Necropolis |
| 33:08 | Ziggurat |
| 34:12 | Scroll of Town Portal |
| 34:12 | Potion of Lesser Invulnerability |
| 34:25 | Nerubian Tower |
| 35:17 | Necropolis |
| 36:23 | Ziggurat |
| 36:24 | Ziggurat |
| 37:04 | Acolyte |
| 37:04 | Acolyte |
| 37:19 | Acolyte |
| 37:45 | Scroll of Town Portal |
| 37:59 | Acolyte |
| 37:59 | Acolyte |
| 38:00 | Acolyte |
| 38:35 | Ziggurat |
| 39:26 | Necropolis |
| 40:04 | Acolyte |
| 40:11 | Necropolis |
| 40:56 | Halls of the Dead |
| 40:58 | Crypt |
| 41:42 | Acolyte |
| 41:42 | Acolyte |
| 41:43 | Acolyte |
| 41:43 | Acolyte |
| 41:43 | Acolyte |
| 41:55 | Graveyard |
| 41:59 | Ziggurat |
| 42:20 | Acolyte |
| 42:21 | Acolyte |
| 42:21 | Acolyte |
| 42:21 | Acolyte |
| 42:21 | Acolyte |
| 43:04 | Necropolis |
| 43:12 | Ziggurat |
| 43:13 | Ziggurat |
| 43:13 | Ziggurat |
| 43:22 | Acolyte |
| 43:33 | Ghoul |
| 43:33 | Ghoul |
| 43:35 | Ghoul |
| 43:54 | Acolyte |
| 43:54 | Acolyte |
| 43:54 | Acolyte |
| 43:55 | Acolyte |
| 43:57 | Ziggurat |
| 44:07 | Nerubian Tower |
| 44:11 | Nerubian Tower |
| 44:18 | Potion of Lesser Invulnerability |
| 44:23 | Scroll of Healing |
| 44:30 | Scroll of Healing |
| 44:31 | Scroll of Town Portal |
| 44:35 | Spirit Tower |
| 44:36 | Spirit Tower |
| 44:39 | Ghoul |
| 44:49 | Nerubian Tower |
| 45:00 | Necropolis |
| 45:05 | Sacrificial Pit |
| 45:36 | Altar of Darkness |
| 46:29 | Tomb of Relics |
| 46:31 | Spirit Tower |
| 46:36 | Ziggurat |
| 46:36 | Ziggurat |
| 46:42 | Acolyte |
| 47:08 | Black Citadel |
| 47:14 | Graveyard |
| 47:23 | Temple of the Damned |
| 47:38 | Temple of the Damned |
| 48:33 | Banshee Adept Training |
| 48:50 | Scroll of Town Portal |
| 48:52 | Acolyte |
| 48:55 | Acolyte |
| 48:55 | Acolyte |
| 48:55 | Acolyte |
| 48:55 | Acolyte |
| 48:56 | Spirit Tower |
| 49:01 | Scroll of Town Portal |
| 49:13 | Ziggurat |
| 49:23 | Potion of Lesser Invulnerability |
| 49:25 | Scroll of Healing |
| 49:33 | Banshee |
| 49:35 | Crypt |
| 49:36 | Crypt |
| 50:06 | Scroll of Healing |
| 51:20 | Necropolis |
| 51:44 | Inferno |
| 51:53 | Nerubian Tower |
| 51:54 | Ziggurat |
| 52:10 | Acolyte |
| 52:19 | Acolyte |
| 52:42 | Slaughterhouse |
| 52:42 | Slaughterhouse |
| 53:27 | Banshee Master Training |
| 53:40 | Ziggurat |
| 53:41 | Acolyte |
| 53:41 | Acolyte |
| 53:42 | Acolyte |
| 53:42 | Acolyte |
| 53:48 | Abomination |
| 54:04 | Ziggurat |
| 54:06 | Ziggurat |
| 54:12 | Necropolis |
| 54:20 | Crypt Fiend |
| 54:29 | Abomination |
| 54:39 | Banshee |
| 54:52 | Acolyte |
| 55:09 | Obsidian Statue |
| 56:53 | Abomination |
| 57:57 | Death and Decay |
| 58:24 | Scroll of Town Portal |
| 58:24 | Potion of Mana |
| 58:24 | Potion of Healing |
| 58:27 | Scroll of Healing |
| 58:29 | Potion of Mana |
| 58:42 | Obsidian Statue |
| 59:50 | Scroll of Town Portal |
| 59:51 | Potion of Healing |
| 59:54 | Scroll of Healing |
| 60:51 | Crypt Fiend |
| 60:53 | Banshee |
| 61:47 | Scroll of Town Portal |
| 61:48 | Potion of Mana |
| 61:48 | Scroll of Healing |
| 61:48 | Potion of Healing |
| 61:57 | Obsidian Statue |
| 61:58 | Crypt Fiend |
| Select group | 3882 |
| Right click | 2791 |
| Select | 2628 |
| Misc. action | 412 |
| Build/train/purchase | 369 |
| Chat | 322 |
| Use ability | 293 |
| Assign group | 125 |
| Esc | 14 |
| Item give/drop | 9 |
94 units @ 9.9k
/ 1.8k
31 buildings @ 7k
/ 3.6k


| Staff of Preservation | 2 | 300 |
| Orb of Venom | 3 | 975 |
| Lesser Clarity Potion | 1 | 70 |
| Potion of Mana | 2 | 400 |
| Anti-magic Potion | 3 | 300 |
| Potion of Healing | 3 | 450 |
| Scroll of Town Portal | 8 | 2800 |
| Circlet of Nobility | 1 | 175 |
| Boots of Speed | 1 | 250 |
| Staff of Teleportation | 2 | 300 |
| Potion of Lesser Invulnerability | 3 | 450 |
| total: | 29 | 6470g |
| Wisp | 62 | 3720 | / | 0 |
| Dryad | 11 | 1595 | / | 660 |
| Druid of the Claw | 11 | 2805 | / | 880 |
| Hippogryph | 4 | 640 | / | 80 |
| Faerie Dragon | 5 | 775 | / | 125 |
| Mountain Giant | 1 | 350 | / | 100 |
| total: | 94 | 9885g | / | 1845w |
| Ancient Protector | 2 | 270 | / | 160 |
| Altar of Elders | 1 | 180 | / | 50 |
| Moon Well | 8 | 1440 | / | 320 |
| Ancient of War | 1 | 150 | / | 60 |
| Hunter's Hall | 1 | 210 | / | 100 |
| Ancient of Wonders | 1 | 90 | / | 30 |
| Tree of Life | 11 | 3740 | / | 2035 |
| Ancient of Lore | 4 | 620 | / | 580 |
| Ancient of Wind | 2 | 300 | / | 280 |
| Tree of Ages | 1 | 320 | / | 180 |
| Tree of Eternity | 1 | 330 | / | 200 |
| total: | 31 | 7000g | / | 3615w |
| 0:02 | Wisp |
| 0:02 | Wisp |
| 0:07 | Altar of Elders |
| 0:17 | Moon Well |
| 0:30 | Wisp |
| 0:34 | Wisp |
| 0:46 | Wisp |
| 0:58 | Wisp |
| 1:03 | Wisp |
| 1:06 | Ancient of War |
| 1:14 | Wisp |
| 1:34 | Moon Well |
| 1:39 | Wisp |
| 1:51 | Wisp |
| 1:58 | Wisp |
| 2:13 | Mana Burn |
| 2:46 | Wisp |
| 3:06 | Tree of Ages |
| 3:36 | Hunter's Hall |
| 3:37 | Moon Well |
| 3:51 | Evasion |
| 3:55 | Circlet of Nobility |
| 3:55 | Boots of Speed |
| 3:55 | Staff of Teleportation |
| 5:31 | Ancient of Lore |
| 5:31 | Ancient of Lore |
| 5:32 | Wisp |
| 5:48 | Wisp |
| 5:51 | Breath of Fire |
| 5:55 | Ancient of Wonders |
| 6:06 | Tree of Eternity |
| 6:34 | Tree of Life |
| 6:53 | Druid of the Claw Adept Training |
| 6:54 | Dryad |
| 7:05 | Staff of Preservation |
| 7:33 | Druid of the Claw |
| 8:10 | Druid of the Claw |
| 8:18 | Moon Well |
| 8:36 | Mana Burn |
| 8:37 | Drunken Haze |
| 9:05 | Wisp |
| 9:05 | Wisp |
| 9:06 | Wisp |
| 9:06 | Wisp |
| 9:27 | Druid of the Claw Master Training |
| 9:28 | Druid of the Claw |
| 10:09 | Druid of the Claw |
| 11:14 | Druid of the Claw |
| 11:46 | Dryad |
| 12:19 | Dryad |
| 12:47 | Orb of Venom |
| 12:52 | Scroll of Town Portal |
| 13:28 | Breath of Fire |
| 14:32 | Wisp |
| 14:35 | Evasion |
| 14:39 | Moon Well |
| 14:39 | Reinforced Hides |
| 15:01 | Tree of Life |
| 16:13 | Strength of the Wild |
| 16:13 | Improved Reinforced Hides |
| 16:17 | Orb of Venom |
| 16:21 | Lesser Clarity Potion |
| 16:21 | Potion of Mana |
| 16:22 | Anti-magic Potion |
| 16:44 | Tree of Life |
| 16:53 | Dryad |
| 16:56 | Mana Burn |
| 16:56 | Mana Burn |
| 17:10 | Wisp |
| 17:10 | Wisp |
| 17:10 | Wisp |
| 17:23 | Dryad |
| 19:12 | Drunken Haze |
| 19:19 | Wisp |
| 19:19 | Wisp |
| 19:19 | Wisp |
| 19:20 | Druid of the Claw |
| 19:21 | Strength of the Moon |
| 19:22 | Improved Strength of the Wild |
| 19:36 | Wisp |
| 19:40 | Wisp |
| 19:40 | Wisp |
| 19:40 | Wisp |
| 19:41 | Wisp |
| 20:17 | Wisp |
| 20:17 | Wisp |
| 20:21 | Nature's Blessing |
| 20:27 | Mark of the Claw |
| 20:28 | Abolish Magic |
| 21:03 | Potion of Lesser Invulnerability |
| 21:13 | Advanced Reinforced Hides |
| 21:13 | Advanced Strength of the Wild |
| 21:14 | Ancient of Wind |
| 21:15 | Ancient of Wind |
| 21:56 | Ancient of Lore |
| 21:58 | Ancient of Lore |
| 23:32 | Metamorphosis |
| 23:32 | Metamorphosis |
| 23:32 | Metamorphosis |
| 23:32 | Metamorphosis |
| 23:32 | Metamorphosis |
| 23:32 | Metamorphosis |
| 23:53 | Druid of the Claw |
| 24:33 | Wisp |
| 24:39 | Potion of Mana |
| 24:39 | Potion of Healing |
| 24:40 | Orb of Venom |
| 24:45 | Scroll of Town Portal |
| 25:03 | Hippogryph |
| 25:09 | Wisp |
| 25:38 | Ultravision |
| 26:13 | Hippogryph |
| 26:17 | Tree of Life |
| 26:31 | Potion of Healing |
| 26:32 | Staff of Preservation |
| 27:02 | Hippogryph |
| 27:05 | Breath of Fire |
| 27:29 | Hippogryph |
| 29:27 | Wisp |
| 29:27 | Wisp |
| 29:27 | Wisp |
| 29:27 | Wisp |
| 30:51 | Druid of the Claw |
| 30:51 | Dryad |
| 31:24 | Wisp |
| 31:45 | Evasion |
| 31:54 | Storm Earth and Fire |
| 31:58 | Druid of the Claw |
| 32:38 | Resistant Skin |
| 34:10 | Ancient Protector |
| 34:11 | Ancient Protector |
| 34:13 | Tree of Life |
| 34:25 | Tree of Life |
| 35:16 | Tree of Life |
| 35:46 | Moon Well |
| 35:47 | Moon Well |
| 35:48 | Moon Well |
| 36:30 | Scroll of Town Portal |
| 36:32 | Staff of Teleportation |
| 36:43 | Dryad |
| 36:51 | Tree of Life |
| 37:26 | Wisp |
| 37:27 | Wisp |
| 37:27 | Wisp |
| 37:27 | Wisp |
| 37:29 | Druid of the Claw |
| 37:33 | Wisp |
| 37:33 | Wisp |
| 37:33 | Wisp |
| 37:46 | Wisp |
| 37:46 | Wisp |
| 37:46 | Wisp |
| 37:46 | Wisp |
| 37:46 | Wisp |
| 38:20 | Wisp |
| 38:21 | Wisp |
| 38:31 | Wisp |
| 38:31 | Wisp |
| 40:01 | Scroll of Town Portal |
| 40:01 | Scroll of Town Portal |
| 40:22 | Anti-magic Potion |
| 40:29 | Faerie Dragon |
| 40:33 | Druid of the Claw |
| 41:08 | Potion of Healing |
| 41:29 | Tree of Life |
| 41:45 | Tree of Life |
| 41:51 | Faerie Dragon |
| 42:44 | Faerie Dragon |
| 42:52 | Potion of Lesser Invulnerability |
| 42:53 | Potion of Lesser Invulnerability |
| 43:06 | Wisp |
| 43:06 | Wisp |
| 44:17 | Hardened Skin |
| 44:48 | Faerie Dragon |
| 44:59 | Anti-magic Potion |
| 45:16 | Mountain Giant |
| 45:19 | Dryad |
| 46:11 | Dryad |
| 47:17 | Faerie Dragon |
| 47:39 | Wisp |
| 48:02 | Dryad |
| 49:00 | Tree of Life |
| 49:29 | Scroll of Town Portal |
| 49:29 | Scroll of Town Portal |
| 49:39 | Scroll of Town Portal |
| 51:26 | Dryad |
| 52:07 | Immolation |
| 52:07 | Immolation |
| 53:00 | Wisp |
| 53:00 | Wisp |
| 53:00 | Wisp |
| 53:00 | Wisp |
| Right click | 4042 |
| Select group | 3761 |
| Select | 1974 |
| Misc. action | 831 |
| Use ability | 308 |
| Build/train/purchase | 297 |
| Assign group | 45 |
| Item give/drop | 12 |
| Esc | 7 |
| Remove unit | 1 |
79 units @ 9.1k
/ 1.1k
68 buildings @ 11.4k
/ 5.6k



| Healing Salve | 6 | 600 |
| Lesser Clarity Potion | 5 | 350 |
| Orb of Lightning | 2 | 750 |
| Potion of Mana | 5 | 1000 |
| Potion of Healing | 1 | 150 |
| Scroll of Town Portal | 7 | 2450 |
| Scroll of Healing | 1 | 250 |
| Circlet of Nobility | 3 | 525 |
| Periapt of Vitality | 4 | 1300 |
| Potion of Lesser Invulnerability | 1 | 150 |
| Scroll of Protection | 1 | 150 |
| total: | 36 | 7675g |
| Peon | 35 | 2625 | / | 0 |
| Troll Headhunter | 12 | 1680 | / | 240 |
| Troll Berserker | 11 | 1540 | / | 220 |
| Demolisher | 3 | 660 | / | 150 |
| Shaman | 10 | 1300 | / | 200 |
| Troll Witch Doctor | 5 | 725 | / | 125 |
| Troll Batrider | 2 | 320 | / | 80 |
| Wind Rider | 1 | 265 | / | 40 |
| total: | 79 | 9115g | / | 1055w |
| Watch Tower | 27 | 2970 | / | 2160 |
| Orc Burrow | 11 | 1760 | / | 440 |
| Altar of Storms | 1 | 180 | / | 50 |
| War Mill | 5 | 1025 | / | 0 |
| Barracks | 3 | 540 | / | 150 |
| Voodoo Lounge | 5 | 650 | / | 150 |
| Great Hall | 8 | 3080 | / | 1480 |
| Spirit Lodge | 3 | 450 | / | 450 |
| Beastiary | 5 | 725 | / | 700 |
| Stronghold | 1 | 315 | / | 190 |
| Fortress | 2 | 650 | / | 380 |
| total: | 68 | 11380g | / | 5580w |
| 0:03 | Peon |
| 0:03 | Peon |
| 0:03 | Peon |
| 0:19 | Orc Burrow |
| 0:36 | Altar of Storms |
| 0:39 | Peon |
| 0:51 | War Mill |
| 0:52 | Peon |
| 1:07 | Barracks |
| 1:15 | Peon |
| 1:37 | Peon |
| 1:42 | Orc Burrow |
| 1:44 | Orc Burrow |
| 1:47 | Peon |
| 2:10 | Troll Headhunter |
| 2:13 | Voodoo Lounge |
| 2:26 | Troll Headhunter |
| 2:35 | Mirror Image |
| 2:50 | Troll Headhunter |
| 3:10 | Stronghold |
| 3:22 | Troll Headhunter |
| 3:31 | Healing Salve |
| 4:19 | Great Hall |
| 4:30 | Critical Strike |
| 4:42 | Troll Headhunter |
| 4:43 | Orc Burrow |
| 4:47 | Troll Headhunter |
| 5:13 | Troll Headhunter |
| 5:31 | Mirror Image |
| 6:28 | Troll Headhunter |
| 6:29 | Troll Regeneration |
| 6:34 | Fortress |
| 6:46 | Serpent Ward |
| 6:55 | Troll Headhunter |
| 7:13 | Peon |
| 7:13 | Peon |
| 7:13 | Peon |
| 7:52 | Troll Headhunter |
| 7:54 | Scroll of Town Portal |
| 7:56 | Healing Salve |
| 8:13 | Spirit Lodge |
| 8:38 | Orc Burrow |
| 8:47 | Great Hall |
| 9:48 | Healing Wave |
| 10:04 | Troll Headhunter |
| 10:05 | Berserker Upgrade |
| 10:15 | Troll Headhunter |
| 10:29 | Critical Strike |
| 11:06 | Berserker Strength |
| 11:07 | Barracks |
| 11:36 | Troll Berserker |
| 11:46 | War Stomp |
| 11:47 | Healing Salve |
| 11:47 | Lesser Clarity Potion |
| 11:48 | Healing Salve |
| 11:49 | Orb of Lightning |
| 11:53 | Peon |
| 11:53 | Peon |
| 11:54 | Peon |
| 12:44 | Orc Burrow |
| 12:49 | Demolisher |
| 12:50 | Burning Oil |
| 12:52 | Orc Burrow |
| 13:25 | Watch Tower |
| 13:27 | Orc Burrow |
| 15:08 | Troll Berserker |
| 15:24 | Demolisher |
| 15:24 | Demolisher |
| 15:42 | Troll Berserker |
| 16:21 | Troll Berserker |
| 16:25 | Steel Ranged Weapons |
| 16:25 | Steel Armor |
| 18:26 | Healing Wave |
| 18:37 | Troll Berserker |
| 19:32 | Endurance Aura |
| 19:58 | Critical Strike |
| 21:06 | Thorium Ranged Weapons |
| 21:07 | Thorium Armor |
| 21:08 | Beastiary |
| 21:09 | Beastiary |
| 21:11 | Spirit Lodge |
| 21:13 | Peon |
| 21:13 | Peon |
| 21:14 | Peon |
| 21:14 | Peon |
| 21:58 | Peon |
| 21:58 | Peon |
| 22:10 | Great Hall |
| 22:40 | Troll Berserker |
| 22:55 | Orc Burrow |
| 22:57 | Shaman Adept Training |
| 22:58 | Witch Doctor Adept Training |
| 22:59 | Shaman |
| 23:25 | Peon |
| 23:27 | War Stomp |
| 23:30 | Hex |
| 23:43 | Great Hall |
| 23:54 | Shaman |
| 24:42 | Shaman Master Training |
| 24:42 | Witch Doctor Master Training |
| 24:45 | Peon |
| 24:45 | Peon |
| 24:47 | Peon |
| 25:13 | Scroll of Town Portal |
| 25:14 | Orb of Lightning |
| 25:26 | War Mill |
| 25:28 | War Mill |
| 26:41 | Troll Witch Doctor |
| 26:42 | Arcanite Ranged Weapons |
| 26:46 | Endurance Aura |
| 27:34 | Healing Wave |
| 27:49 | Envenomed Spears |
| 27:50 | War Drums Damage Increase |
| 27:51 | Beastiary |
| 27:55 | Peon |
| 27:56 | Peon |
| 27:56 | Peon |
| 27:56 | Peon |
| 28:12 | Peon |
| 28:16 | Peon |
| 28:17 | Peon |
| 28:22 | Beastiary |
| 28:28 | Circlet of Nobility |
| 28:30 | Periapt of Vitality |
| 28:32 | Potion of Lesser Invulnerability |
| 28:33 | Scroll of Healing |
| 28:34 | Scroll of Protection |
| 28:35 | Scroll of Town Portal |
| 29:15 | Orc Burrow |
| 29:16 | Watch Tower |
| 29:36 | Liquid Fire |
| 29:38 | Troll Batrider |
| 29:46 | Reinforced Defenses |
| 30:10 | Circlet of Nobility |
| 30:28 | Beastiary |
| 30:46 | Troll Batrider |
| 30:47 | Arcanite Armor |
| 31:14 | War Stomp |
| 33:13 | Great Hall |
| 33:18 | Great Hall |
| 33:26 | Periapt of Vitality |
| 33:58 | Voodoo Lounge |
| 34:30 | Spiked Barricades |
| 34:32 | Steel Melee Weapons |
| 34:39 | Barracks |
| 34:40 | Spirit Lodge |
| 35:13 | Circlet of Nobility |
| 35:25 | Watch Tower |
| 35:38 | Watch Tower |
| 37:37 | Troll Witch Doctor |
| 37:38 | Troll Witch Doctor |
| 37:40 | Shaman |
| 37:42 | Shaman |
| 37:50 | Lesser Clarity Potion |
| 37:56 | Scroll of Town Portal |
| 38:15 | Troll Berserker |
| 38:15 | Troll Berserker |
| 38:16 | Troll Berserker |
| 38:34 | Voodoo Lounge |
| 38:35 | Thorium Melee Weapons |
| 38:36 | Improved Spiked Barricades |
| 39:47 | Bladestorm |
| 40:26 | Peon |
| 40:26 | Peon |
| 40:26 | Peon |
| 40:29 | Arcanite Melee Weapons |
| 40:35 | Great Hall |
| 40:35 | Watch Tower |
| 40:35 | Watch Tower |
| 40:36 | Watch Tower |
| 40:36 | Watch Tower |
| 40:36 | Watch Tower |
| 40:36 | Watch Tower |
| 40:36 | Watch Tower |
| 40:37 | Watch Tower |
| 40:37 | Watch Tower |
| 40:38 | Voodoo Lounge |
| 40:45 | Peon |
| 41:30 | War Mill |
| 42:29 | Wind Rider |
| 42:35 | Troll Witch Doctor |
| 42:45 | Troll Berserker |
| 42:57 | Potion of Mana |
| 42:59 | Lesser Clarity Potion |
| 43:00 | Scroll of Town Portal |
| 44:20 | Reincarnation |
| 44:21 | Big Bad Voodoo |
| 44:26 | Shaman |
| 44:37 | Shaman |
| 45:46 | Shaman |
| 45:53 | Mirror Image |
| 46:59 | Troll Berserker |
| 48:14 | Periapt of Vitality |
| 49:06 | War Mill |
| 51:20 | Hex |
| 52:09 | Endurance Aura |
| 53:49 | Watch Tower |
| 53:49 | Watch Tower |
| 53:51 | Watch Tower |
| 53:51 | Watch Tower |
| 53:51 | Watch Tower |
| 54:25 | Shaman |
| 54:25 | Troll Witch Doctor |
| 54:34 | Orc Burrow |
| 55:04 | Watch Tower |
| 55:06 | Watch Tower |
| 56:51 | Shaman |
| 56:54 | Shaman |
| 56:59 | Lesser Clarity Potion |
| 57:00 | Potion of Mana |
| 57:02 | Scroll of Town Portal |
| 57:06 | Potion of Mana |
| 57:08 | Healing Salve |
| 58:18 | Great Hall |
| 58:31 | Periapt of Vitality |
| 59:44 | Wind Walk |
| 60:01 | Watch Tower |
| 60:01 | Watch Tower |
| 60:02 | Watch Tower |
| 60:02 | Watch Tower |
| 60:02 | Watch Tower |
| 60:03 | Watch Tower |
| 60:03 | Watch Tower |
| 60:04 | Voodoo Lounge |
| 61:14 | Hex |
| 61:19 | Lesser Clarity Potion |
| 61:21 | Potion of Mana |
| 61:21 | Potion of Mana |
| 61:23 | Scroll of Town Portal |
| 61:58 | Healing Salve |
| 62:02 | Potion of Healing |
| Right click | 4053 |
| Select group | 2444 |
| Select | 1832 |
| Chat | 868 |
| Misc. action | 854 |
| Build/train/purchase | 358 |
| Use ability | 201 |
| Assign group | 92 |
| Item give/drop | 16 |
| Esc | 5 |
| Remove unit | 1 |
| Minimap ping | 1 |
24 units @ 2.7k
/ 0.2k
30 buildings @ 4.9k
/ 2.5k



| Healing Salve | 5 | 500 |
| Lesser Clarity Potion | 6 | 420 |
| Potion of Mana | 3 | 600 |
| Potion of Healing | 5 | 750 |
| Orb of Lightning | 1 | 375 |
| total: | 20 | 2645g |
| Peon | 12 | 900 | / | 0 |
| Troll Headhunter | 10 | 1400 | / | 200 |
| Shaman | 1 | 130 | / | 20 |
| Assassin | 1 | 250 | / | 30 |
| total: | 24 | 2680g | / | 250w |
| Watch Tower | 9 | 990 | / | 720 |
| Orc Burrow | 4 | 640 | / | 160 |
| War Mill | 1 | 205 | / | 0 |
| Barracks | 1 | 180 | / | 50 |
| Altar of Storms | 2 | 360 | / | 100 |
| Voodoo Lounge | 5 | 650 | / | 150 |
| Great Hall | 3 | 1155 | / | 555 |
| Spirit Lodge | 5 | 750 | / | 750 |
| Stronghold | 1 | 315 | / | 190 |
| Fortress | 2 | 650 | / | 380 |
| total: | 30 | 4930g | / | 2485w |
| 0:02 | Peon |
| 0:02 | Peon |
| 0:07 | Orc Burrow |
| 0:11 | Peon |
| 0:15 | War Mill |
| 0:26 | Peon |
| 0:49 | Barracks |
| 0:56 | Peon |
| 1:19 | Altar of Storms |
| 1:30 | Peon |
| 1:41 | Peon |
| 1:47 | Orc Burrow |
| 1:56 | Troll Headhunter |
| 1:56 | Troll Headhunter |
| 2:11 | Troll Headhunter |
| 2:23 | Voodoo Lounge |
| 2:29 | Pocket Factory |
| 2:47 | Troll Headhunter |
| 2:54 | Troll Headhunter |
| 2:59 | Spiked Barricades |
| 3:17 | Troll Headhunter |
| 3:25 | Peon |
| 3:35 | Healing Salve |
| 3:35 | Healing Salve |
| 3:46 | Troll Headhunter |
| 3:54 | Peon |
| 3:54 | Peon |
| 4:13 | Watch Tower |
| 4:29 | Watch Tower |
| 4:34 | Watch Tower |
| 4:36 | Engineering Upgrade |
| 4:46 | Peon |
| 4:46 | Peon |
| 5:13 | Great Hall |
| 5:35 | Stronghold |
| 5:38 | Pocket Factory |
| 5:45 | Pocket Factory |
| 6:15 | Troll Headhunter |
| 6:23 | Great Hall |
| 6:44 | Orc Burrow |
| 6:54 | Great Hall |
| 7:43 | Troll Headhunter |
| 7:47 | Lesser Clarity Potion |
| 7:58 | Reinforced Defenses |
| 8:00 | Troll Regeneration |
| 8:02 | Fortress |
| 8:16 | Spirit Lodge |
| 8:24 | Assassin |
| 8:30 | Improved Spiked Barricades |
| 8:53 | War Stomp |
| 8:58 | Engineering Upgrade |
| 9:11 | Potion of Mana |
| 9:24 | Potion of Healing |
| 9:32 | Troll Headhunter |
| 9:43 | Potion of Healing |
| 9:45 | Potion of Healing |
| 9:48 | Lesser Clarity Potion |
| 9:49 | Healing Salve |
| 10:14 | Watch Tower |
| 10:34 | Watch Tower |
| 11:21 | Spirit Lodge |
| 11:34 | Altar of Storms |
| 11:49 | Voodoo Lounge |
| 11:51 | Spirit Lodge |
| 11:52 | Watch Tower |
| 11:58 | Spirit Lodge |
| 12:45 | Watch Tower |
| 12:49 | Shaman Adept Training |
| 13:04 | Watch Tower |
| 13:22 | Voodoo Lounge |
| 13:34 | Orc Burrow |
| 13:47 | Serpent Ward |
| 14:02 | Voodoo Lounge |
| 14:21 | Voodoo Lounge |
| 15:11 | Healing Salve |
| 15:11 | Lesser Clarity Potion |
| 15:27 | Potion of Mana |
| 15:28 | Orb of Lightning |
| 15:34 | Spirit Lodge |
| 15:43 | Potion of Healing |
| 15:43 | Potion of Healing |
| 15:49 | Shaman Master Training |
| 16:24 | Potion of Mana |
| 16:29 | Shaman |
| 16:42 | Healing Salve |
| 16:43 | Lesser Clarity Potion |
| 16:48 | Watch Tower |
| 17:03 | Lesser Clarity Potion |
| 18:33 | Lesser Clarity Potion |
| Right click | 1279 |
| Select | 559 |
| Select group | 415 |
| Chat | 355 |
| Build/train/purchase | 134 |
| Use ability | 87 |
| Assign group | 37 |
| Misc. action | 17 |
| Esc | 8 |
| Item give/drop | 2 |
⇛